% Time on Ice - SEATTLE GRUNGE
Lines # - Real PCT - Wanted PCT - Time Play
Normal Forward
1 - 37% - 37% - 17:12
2 - 35% - 37% - 16:20
3 - 21% - 21% - 10:04
4 - 7% - 5% - 3:31
Normal Defense
1 - 36% - 40% - 16:55
2 - 35% - 39% - 16:32
3 - 29% - 21% - 13:40
4 - 0% - 0% - 0:00
PP Forward
1 - 57% - 50% - 3:58
2 - 43% - 50% - 2:58
PP Defense
1 - 70% - 55% - 4:52
2 - 30% - 45% - 2:04
PK Forward
1 - 59% - 55% - 2:21
2 - 41% - 45% - 1:37
PK Defense
1 - 41% - 55% - 1:37
2 - 59% - 45% - 2:21
PK3 Forward
1 - 0% - 55%
2 - 0% - 45%
PK3 Defense
1 - 0% - 55%
2 - 0% - 45%
44 Forward
1 - 59% - 55% - 1:57
2 - 41% - 45% - 1:21
44 Defense
1 - 77% - 55% - 2:32
2 - 23% - 45% - 0:46
Last Minute Offensive  - 0:00
Last Minute Defensive  - 0:00
Total
Forward - 61:19
Defense - 61:19
% Time on Ice - SPOKANE KNIGHTS
Lines # - Real PCT - Wanted PCT - Time Play
Normal Forward
1 - 36% - 40% - 16:47
2 - 34% - 40% - 16:03
3 - 21% - 15% - 9:54
4 - 9% - 5% - 4:23
Normal Defense
1 - 40% - 38% - 19:03
2 - 30% - 33% - 13:57
3 - 25% - 18% - 11:53
4 - 5% - 11% - 2:14
PP Forward
1 - 60% - 60% - 2:22
2 - 40% - 40% - 1:36
PP Defense
1 - 60% - 60% - 2:22
2 - 40% - 40% - 1:36
PK Forward
1 - 65% - 60% - 4:29
2 - 35% - 40% - 2:27
PK Defense
1 - 53% - 60% - 3:41
2 - 47% - 40% - 3:15
PK3 Forward
1 - 100% - 60% - 1:19
2 - 0% - 40% - 0:00
PK3 Defense
1 - 70% - 60% - 0:55
2 - 30% - 40% - 0:24
44 Forward
1 - 62% - 50% - 1:14
2 - 38% - 50% - 0:45
44 Defense
1 - 62% - 60% - 1:14
2 - 38% - 40% - 0:45
Last Minute Offensive  - 0:00
Last Minute Defensive  - 0:00
Total
Forward - 61:19
Defense - 61:19
Play-by-Play 1st period 0:01 of 1st period - Patrice Bergeron wins face-off versus Tyler Seguin in neutral zone. 0:12 of 1st period - Jake Guentzel is hit by Jared Spurgeon and loses puck. 0:19 of 1st period - Shot by Jake Guentzel. 0:19 of 1st period - Deflect By Tyler Seguin. 0:19 of 1st period - Shot Misses the Net. 1:23 of 1st period - Shot by Chris Tierney. 1:23 of 1st period - Deflect By Josh Bailey. 1:23 of 1st period - Shot Misses the Net. 1:25 of 1st period - Shot by Damon Severson. 1:25 of 1st period - Shot Misses the Net. 1:27 of 1st period - Shot by Chris Tierney. 1:27 of 1st period - Stopped by Frederik Andersen without a rebound. 1:28 of 1st period - Eric Staal wins face-off versus Nick Foligno in SPOKANE KNIGHTS zone. 1:35 of 1st period - Shot by Eric Staal. 1:35 of 1st period - Stopped by Frederik Andersen without a rebound. 1:36 of 1st period - Chris Tierney wins face-off versus Jordan Weal in SPOKANE KNIGHTS zone. 1:36 of 1st period - Chris Tierney is hit by Roman Polak. 1:39 of 1st period - Josh Bailey is hit by Roman Polak and loses puck. 1:40 of 1st period - Double Minor Penalty to Mario Ferraro for Slashing. 1:41 of 1st period - Jordan Weal wins face-off versus Eric Staal in SPOKANE KNIGHTS zone. 1:50 of 1st period - Shot by Roman Josi. 1:50 of 1st period - Stopped by Frederik Andersen with a rebound. 2:20 of 1st period - Shot by Roman Josi. 2:20 of 1st period - Stopped by Frederik Andersen without a rebound. 2:21 of 1st period - Tyler Seguin wins face-off versus Jordan Weal in SPOKANE KNIGHTS zone. 2:24 of 1st period - Shot by Mike Hoffman. 2:24 of 1st period - Shot Misses the Net. 2:43 of 1st period - Shot by Jake Guentzel. 2:43 of 1st period - Shot Blocked by Cale Makar. 3:18 of 1st period - Icing by David Savard. 3:19 of 1st period - Tyler Seguin wins face-off versus Nick Foligno in SEATTLE GRUNGE zone. 3:19 of 1st period - Tyler Seguin is hit by Nick Foligno. 3:37 of 1st period - Icing by Damon Severson. 3:38 of 1st period - Eric Staal wins face-off versus Jordan Weal in SEATTLE GRUNGE zone. 3:45 of 1st period - Shot by Carl Hagelin. 3:45 of 1st period - Shot Blocked by Cale Makar. 3:47 of 1st period - Shot by Carl Hagelin. 3:47 of 1st period - Deflect By Josh Bailey. 3:47 of 1st period - Stopped by Frederik Andersen without a rebound. 3:48 of 1st period - Jordan Weal wins face-off versus Eric Staal in SPOKANE KNIGHTS zone. 3:54 of 1st period - Off-side. 3:55 of 1st period - Eric Staal wins face-off versus Jordan Weal in neutral zone. 4:14 of 1st period - Shot by Eric Staal. 4:14 of 1st period - Deflect By Josh Bailey. 4:14 of 1st period - Stopped by Frederik Andersen without a rebound. 4:15 of 1st period - Tyler Seguin wins face-off versus Nick Foligno in SPOKANE KNIGHTS zone. 4:18 of 1st period - Shot by Jake Guentzel. 4:18 of 1st period - Stopped by Frederik Andersen without a rebound. 4:19 of 1st period - Nick Foligno wins face-off versus Mike Hoffman in SPOKANE KNIGHTS zone. 5:23 of 1st period - Shot by Nick Foligno. 5:23 of 1st period - Deflect By Tyler Pitlick. 5:23 of 1st period - Shot Misses the Net. 6:07 of 1st period - Shot by Matthew Tkachuk. 6:07 of 1st period - Stopped by Semyon Varlamov without a rebound. 6:08 of 1st period - Patrice Bergeron wins face-off versus Chris Tierney in SEATTLE GRUNGE zone. 6:34 of 1st period - Icing by Travis Sanheim. 6:35 of 1st period - Paul Stastny wins face-off versus Chris Tierney in SEATTLE GRUNGE zone. 7:21 of 1st period - Icing by Damon Severson. 7:22 of 1st period - Patrice Bergeron wins face-off versus Carl Hagelin in SEATTLE GRUNGE zone. 8:19 of 1st period - Shot by Mike Hoffman. 8:19 of 1st period - Shot Misses the Net. 8:21 of 1st period - Shot by David Savard. 8:21 of 1st period - Shot Misses the Net. 8:32 of 1st period - Icing by Victor Hedman. 8:33 of 1st period - Eric Staal wins face-off versus Patrice Bergeron in SPOKANE KNIGHTS zone. 8:46 of 1st period - Shot by Eric Staal. 8:46 of 1st period - Shot Misses the Net. 8:48 of 1st period - Shot by Slater Koekkoek. 8:48 of 1st period - Goal by Slater Koekkoek - SEATTLE GRUNGE : 1 - SPOKANE KNIGHTS : 0. 8:49 of 1st period - Paul Stastny wins face-off versus Brian Boyle in neutral zone. 9:57 of 1st period - Icing by Justin Abdelkader. 9:58 of 1st period - Nick Foligno wins face-off versus Chris Tierney in SPOKANE KNIGHTS zone. 10:02 of 1st period - Mario Ferraro is hit by Carl Hagelin and loses puck. 10:33 of 1st period - Nick Foligno is hit by Roman Josi. 10:43 of 1st period - Shot by Blake Wheeler. 10:43 of 1st period - Shot Misses the Net. 10:45 of 1st period - Shot by Sebastian Aho. 10:45 of 1st period - Shot Misses the Net. 11:11 of 1st period - Shot by Patrice Bergeron. 11:11 of 1st period - Stopped by Semyon Varlamov without a rebound. 11:12 of 1st period - Tyler Seguin wins face-off versus Paul Stastny in SEATTLE GRUNGE zone. 11:18 of 1st period - Minor Penalty to Valeri Nichushkin for Holding. 11:19 of 1st period - Tyler Seguin wins face-off versus Jordan Weal in SPOKANE KNIGHTS zone. 11:32 of 1st period - Shot by Tyler Seguin. 11:32 of 1st period - Stopped by Frederik Andersen with a rebound. 11:34 of 1st period - Shot by Mike Hoffman. 11:34 of 1st period - Shot Misses the Net. 11:36 of 1st period - Shot by Jake Guentzel. 11:36 of 1st period - Goal by Jake Guentzel - SEATTLE GRUNGE : 2 - SPOKANE KNIGHTS : 0. 11:37 of 1st period - Eric Staal wins face-off versus Patrice Bergeron in neutral zone. 11:43 of 1st period - Shot by Eric Staal. 11:43 of 1st period - Stopped by Frederik Andersen with a rebound. 12:34 of 1st period - Sebastian Aho is hit by Wayne Simmonds and loses puck. 13:05 of 1st period - Shot by Paul Stastny. 13:05 of 1st period - Deflect By Matthew Tkachuk. 13:05 of 1st period - Shot Misses the Net. 13:07 of 1st period - Shot by Matthew Tkachuk. 13:07 of 1st period - Shot Blocked by Damon Severson. 13:09 of 1st period - Shot by Paul Stastny. 13:09 of 1st period - Stopped by Semyon Varlamov without a rebound. 13:10 of 1st period - Tyler Seguin wins face-off versus Nick Foligno in SEATTLE GRUNGE zone. 13:23 of 1st period - Shot by Jake Guentzel. 13:23 of 1st period - Shot Misses the Net. 14:05 of 1st period - Justin Abdelkader is hit by Jake Guentzel and loses puck. 15:10 of 1st period - Chris Tierney is hit by Nick Foligno and loses puck. 15:22 of 1st period - Icing by Jared Spurgeon. 15:23 of 1st period - Justin Abdelkader wins face-off versus Brian Boyle in SPOKANE KNIGHTS zone. 15:36 of 1st period - Shot by Marcus Sorensen. 15:36 of 1st period - Shot Blocked by Victor Hedman. 15:38 of 1st period - Shot by Trevor Lewis. 15:38 of 1st period - Shot Misses the Net. 16:33 of 1st period - Icing by Patrick Kane. 16:34 of 1st period - Eric Staal wins face-off versus Paul Stastny in SPOKANE KNIGHTS zone. 16:37 of 1st period - Shot by Vladislav Namestnikov. 16:37 of 1st period - Goal by Vladislav Namestnikov - SEATTLE GRUNGE : 3 - SPOKANE KNIGHTS : 0. 16:38 of 1st period - Tyler Seguin wins face-off versus Patrice Bergeron in neutral zone. 16:58 of 1st period - Icing by Mario Ferraro. 16:59 of 1st period - Patrice Bergeron wins face-off versus Carl Hagelin in SPOKANE KNIGHTS zone. 17:08 of 1st period - Shot by Patrice Bergeron. 17:08 of 1st period - Shot Blocked by Slater Koekkoek. 17:10 of 1st period - Shot by Blake Wheeler. 17:10 of 1st period - Deflect By Patrice Bergeron. 17:10 of 1st period - Shot Blocked by Slater Koekkoek. 17:22 of 1st period - Shot by Patrice Bergeron. 17:22 of 1st period - Stopped by Semyon Varlamov with a rebound. 17:24 of 1st period - Shot by Blake Wheeler. 17:24 of 1st period - Stopped by Semyon Varlamov with a rebound. 17:34 of 1st period - Shot by Sebastian Aho. 17:34 of 1st period - Stopped by Semyon Varlamov without a rebound. 17:35 of 1st period - Paul Stastny wins face-off versus Tyler Seguin in SEATTLE GRUNGE zone. 17:45 of 1st period - Shot by Matthew Tkachuk. 17:45 of 1st period - Shot Misses the Net. 18:15 of 1st period - Shot by Matthew Tkachuk. 18:15 of 1st period - Shot Misses the Net. 18:37 of 1st period - Shot by Patrice Bergeron. 18:37 of 1st period - Shot Misses the Net. 18:48 of 1st period - Shot by Roman Polak. 18:48 of 1st period - Deflect By Sebastian Aho. 18:48 of 1st period - Stopped by Semyon Varlamov with a rebound. 19:26 of 1st period - Shot by Paul Stastny. 19:26 of 1st period - Shot Hit the Post. 19:40 of 1st period - Icing by Carl Hagelin. 19:41 of 1st period - Chris Tierney wins face-off versus Paul Stastny in SEATTLE GRUNGE zone. Goals for this period are 3 for SEATTLE GRUNGE vs 0 for SPOKANE KNIGHTS. Shots for this period are 12 for SEATTLE GRUNGE vs 7 for SPOKANE KNIGHTS. 2nd period 0:01 of 2nd period - Tyler Seguin wins face-off versus Paul Stastny in neutral zone. 3:12 of 2nd period - Shot by Eric Staal. 3:12 of 2nd period - Stopped by Frederik Andersen without a rebound. 3:13 of 2nd period - Tyler Seguin wins face-off versus Paul Stastny in SPOKANE KNIGHTS zone. 3:28 of 2nd period - Shot by Tyler Seguin. 3:28 of 2nd period - Stopped by Frederik Andersen without a rebound. 3:29 of 2nd period - Eric Staal wins face-off versus Patrice Bergeron in SPOKANE KNIGHTS zone. 4:28 of 2nd period - Shot by Paul Stastny. 4:28 of 2nd period - Stopped by Semyon Varlamov without a rebound. 4:29 of 2nd period - Paul Stastny wins face-off versus Tyler Seguin in SEATTLE GRUNGE zone. 4:44 of 2nd period - Icing by Jake Guentzel. 4:45 of 2nd period - Jordan Weal wins face-off versus Tyler Seguin in SEATTLE GRUNGE zone. 4:45 of 2nd period - Jordan Weal is hit by David Savard. 4:58 of 2nd period - Shot by Mike Hoffman. 4:58 of 2nd period - Shot Blocked by Mario Ferraro. 5:45 of 2nd period - Shot by Brian Boyle. 5:45 of 2nd period - Shot Misses the Net. 5:59 of 2nd period - Shot by Marcus Sorensen. 5:59 of 2nd period - Shot Blocked by Roman Polak. 6:01 of 2nd period - Shot by Brian Boyle. 6:01 of 2nd period - Goal by Brian Boyle - SEATTLE GRUNGE : 4 - SPOKANE KNIGHTS : 0. 6:01 of 2nd period - Mike Smith enters game. 6:02 of 2nd period - Chris Tierney wins face-off versus Paul Stastny in neutral zone. 6:02 of 2nd period - Chris Tierney is hit by Matthew Tkachuk. 6:17 of 2nd period